Hassan, lawful male human Barbarian ..| .)d| .d@- ..... -.. Hassan the Barbarian Experience level: 6 Strength: 18/03 Dexterity: 15 Constitution: 19 Intelligence: 7 Wisdom: 7 Charisma: 6 Health: 0(59) Energy: 17(17) Def: 3 Gold: 200 Moves: 1283 Dungeon seed [set]: Game ID: Hassan_1642257713 Your Inventory: Coins $ - 200 gold pieces Weapons a - an uncursed +0 two-handed sword (weapon in hands) b - an uncursed +0 axe (alternate weapon; not wielded) t - a blessed +3 arrow Armor e - an uncursed +0 ring mail (being worn) q - an uncursed +0 dunce cap Comestibles c - 6 uncursed food rations p - 2 uncursed lichen corpses Scrolls f - an uncursed scroll of fire k - an uncursed scroll of teleportation m - 2 uncursed scrolls of scare monster o - an uncursed scroll of light u - an uncursed scroll of remove curse Potions d - a cursed potion of levitation j - an uncursed potion of gain ability r - an uncursed potion of water Rings s - a cursed ring of polymorph control Wands g - an uncursed wand of magic missile (0:4) l - an uncursed wand of opening (0:7) Tools i - a cursed brass lantern (lit) (0:1153) Gems n - 3 uncursed worthless pieces of red glass y - 2 uncursed worthless pieces of violet glass z - an uncursed worthless piece of yellowish brown glass N - an uncursed worthless piece of green glass Spells and supernatural/magical abilities: Name Level Category Fail Memory W - pray for help -- divine ? -- Your skills at the end: Miscellaneous Skills bare handed combat [Basic] Weapon Skills axe [Basic] two-handed sword [Basic] Spellcasting Skills Final Attributes: You were piously aligned. You were poison resistant. Your writing hand was ok. You are dead. Vanquished creatures: a large mimic a small mimic a soldier ant a bugbear a rock piercer 3 gnome lords 2 gnomish wizards a kobold mummy a puppy a floating eye a kobold lord an iguana 3 orc zombies a dwarf zombie a gas spore a gecko a cave spider a red mold 9 gnomes 5 jackals 4 newts 2 goblins 2 sewer rats 3 lichens a kobold zombie 49 creatures vanquished. Voluntary challenges: You did not adorn yourself with jewelry or accessories. You did not cause conflict. You were not invisible. You did not have reflection. You were not displaced. You were an atheist. You used a wielded weapon 65 times, starting on turn 37. You did not apply a unicorn horn. You did not use sinks. You did not drink any magical draughts. You were illiterate. You never genocided any monsters. You never polymorphed an object. You never changed form. You used no wishes. You did not use any artifacts. You never split a pudding. You never wrote Elbereth's name. You never violated your personal moral code. Dungeon overview: The Dungeons of Doom: levels 1 to 4 Level 1 an altar to Crom, some fountains a long staircase Level 2 a general store, a fountain Level 3 a vault, an altar to Crom, a bench Level 4 a vault stairs to The Gnomish Mines The Gnomish Mines: levels 5 to 7 Level 5 stairs to The Dungeons of Doom Level 6 Level 7 <- You were here History has recorded: On T:1 you entered the Dungeons of Doom to retrieve the Amulet of Yendor! On T:93 you became devout. On T:222 you reached level 2 of The Dungeons of Doom. On T:222 you unlocked the Ranger role by using stairs. On T:275 you advanced to experience level 2. On T:284 you advanced to experience level 3. On T:343 you advanced to experience level 4. On T:377 you became pious. On T:569 you reached level 3 of The Dungeons of Doom. On T:670 you reached level 4 of The Dungeons of Doom. On T:1008 you reached level 1 of The Gnomish Mines. On T:1008 you unlocked the Rogue role by using long stairs. On T:1026 you advanced to experience level 5. On T:1064 you reached level 2 of The Gnomish Mines. On T:1194 you advanced to experience level 6. On T:1277 you reached level 3 of The Gnomish Mines. Score breakdown: Gold: 200 ( 20 points) Experience: 6 levels ( 500 points) Exploration: 7 levels ( 180 points) Discoveries: 16 items ( 800 points) Variety of kills: 25 monsters ( 1250 points) Major goal: (nothing yet) ( 0 points) Survival: died (score multiplied by 3) Total score: 8250 Latest messages: You crawl to the edge of the pit. There is nothing here to pick up. (2x) The gnome lord wields an aklys! You kill the gnome lord! You see here an aklys. You see here a leash. A board beneath you squeaks loudly. A board beneath you squeaks loudly. You smite the gnome lord! You kill the gnome lord! You smite the soldier ant! The soldier ant bites! The soldier ant stings! The soldier ant bites! The soldier ant stings! You smite the soldier ant. The soldier ant bites! The soldier ant stings! You kill the soldier ant! The wolf bites! (2x) You smite the wolf! The wolf bites! You die... Final status: Goodbye Hassan the Barbarian, killed by a wolf... You died in The Gnomish Mines on dungeon level 7 with 8250 points, and 200 pieces of gold, after 1283 moves. You were level 6 with a maximum of 59 hit points when you died.